 Dungeon Crawl Stone Soup version 0.17-a0-1421-g95311d7 (webtiles) character file.

342 pulse the Ducker (level 6, -13/48 HPs)
             Began as a Vampire Monk on June 24, 2015.
             Killed from afar by a mummy (17 damage)
             ... with an exploding inner flame
             ... hexed by the player character
             ... in an ossuary.
             The game lasted 00:23:24 (4326 turns).

pulse the Ducker (Vampire Monk)                     Turns: 4326, Time: 00:23:25

Health: -13/48     AC: 11    Str: 12    XL:     6   Next: 30%
Magic:  8/8        EV: 12    Int: 12    God:
Gold:   117        SH:  0    Dex: 22    Spells: 0 memorised, 8 levels left

rFire  . . .     SeeInvis +     i - +0 scythe
rCold  + + .     Clarity  .     p - +0 chain mail
rNeg   + + +     SustAt   .     (no shield)
rPois  +         Gourm    .     k - +0 helmet
rElec  .         Spirit   .     t - +0 cloak
rCorr  +         Warding  .     d - +0 pair of gloves
rMut   .         Stasis   .     (no boots)
MR     .....                    c - amulet of resist corrosion
Stlth  +.........               (no ring)
                                w - ring of wizardry

@: agile, regenerating slowly, not resistant to hostile enchantments, very
unstealthy
A: fangs 3, see invisible, unbreathing
a: Bat Form


You were in an ossuary.
You were near bloodless.

You visited 1 branch of the dungeon, and saw 4 of its levels.
You also visited: Ossuary.

You collected 117 gold pieces.

Inventory:

Hand weapons
 e - a +0 hand axe
 i - a +0 scythe (weapon)
 m - a +0 short sword
Armour
 a - a +0 robe
 d - a +0 pair of gloves (worn)
 k - a +0 helmet (worn)
 n - a +0 scale mail
 p - a +0 chain mail (worn)
 t - a +0 cloak (worn)
Jewellery
 c - an amulet of resist corrosion (around neck)
 u - an uncursed amulet of stasis
 w - a ring of wizardry (left hand)
Magical devices
 l - a wand of fireball (7)
Scrolls
 o - a scroll of identify
 s - 3 scrolls of remove curse
 y - a scroll of random uselessness {unknown}
Potions
 b - 15 potions of blood
 f - 4 potions of curing
 h - a potion of brilliance
 r - a potion of resistance {unknown}
 v - a potion of lignification
 z - a potion of cancellation {unknown}


   Skills:
 + Level 3.7 Fighting
 * Level 2.3 Axes
 + Level 0.3(1.4) Polearms
 + Level 1.9 Armour
 + Level 4.5 Dodging
 + Level 3.9 Stealth
 - Level 4.4 Unarmed Combat
 * Level 1.8 Spellcasting


You had 8 spell levels left.
You didn't know any spells.

Dungeon Overview and Level Annotations

Branches:
Dungeon (4/15)
 Temple: D:4-7

Altars:
Okawaru
Sif Muna

Annotations:
D:3 Crazy Yiuf


Innate Abilities, Weirdness & Mutations

You heal slowly.
You have razor-sharp teeth.
You have supernaturally acute eyesight.
You can survive without breathing.


Message History

There are monsters nearby!
Unknown command.
You feel agile all of a sudden.
A spear hits the rat zombie!
It was a potion of poison.
You feel slightly nauseous. The mummy hits you!
* * * LOW HITPOINT WARNING * * *
A spear hits the kobold zombie!
The kobold zombie explodes!
The fiery explosion engulfs the rat zombie.
You destroy the rat zombie!
The fiery explosion engulfs the adder zombie.
You destroy the adder zombie!
The fiery explosion engulfs the goblin zombie.
The goblin zombie explodes!
The fiery explosion engulfs the hobgoblin zombie.
The hobgoblin zombie explodes!
The fiery explosion engulfs the mummy.
The mummy is burned terribly!
The mummy explodes!
The fiery explosion engulfs you!
You die...

#..#...............
#...........Z......
#.....##...........
#.....##...........
#..§§..Z...........
#..§§§Z............
####§§§......###
#?§#§Z§.........
#?@§ZZ.........∩
################


You could see a rat zombie (inner flame), a hound zombie (inner flame), 2 gnoll
zombies and an elf zombie.

Vanquished Creatures
  Sigmund (D:2)
  A centaur zombie (D:4)
  Terence (D:2)
  4 adders
  An adder zombie (Ossuary)
  3 worms
  3 giant geckos
  5 orcs (D:3)
  A ball python (D:1)
  4 bats
  A bat zombie (D:4)
  4 giant cockroaches
  7 goblins
  12 hobgoblins
  8 kobolds
  3 quokkas (D:2)
  5 giant newts
  A quokka zombie (D:4)
  10 rats
  A rat zombie (Ossuary)
76 creatures vanquished.

Notes
Turn   | Place    | Note
--------------------------------------------------------------
     0 | D:1      | pulse the Vampire Monk began the quest for the Orb.
     0 | D:1      | Reached XP level 1. HP: 17/17 MP: 1/1
   100 | D:1      | Reached XP level 2. HP: 16/23 MP: 2/2
  1047 | D:2      | Noticed Sigmund
  1098 | D:2      | Noticed Terence
  1123 | D:2      | Killed Terence
  1123 | D:2      | Reached skill level 1 in Axes
  1123 | D:2      | Reached XP level 3. HP: 26/29 MP: 3/3
  1819 | D:2      | Reached XP level 4. HP: 21/35 MP: 4/4
  2822 | D:2      | Killed Sigmund
  2822 | D:2      | Reached skill level 1 in Armour
  2822 | D:2      | Reached skill level 1 in Spellcasting
  2822 | D:2      | Reached XP level 5. HP: 15/42 MP: 4/7
  3189 | D:2      | Found an iron altar of Okawaru.
  3189 | D:2      | Found a deep blue altar of Sif Muna.
  3319 | D:3      | Reached XP level 6. HP: 42/48 MP: 8/8
  4152 | D:3      | Noticed Crazy Yiuf
  4299 | D:4      | Found a sand-covered staircase.
  4304 | Ossuary  | Entered an ossuary
  4326 | Ossuary  | Killed from afar by a mummy

Vault maps used:
D:1:      lemuel_arrival_funnel, minmay_misc_feat_secret_circle,
          minmay_misc_feat_square
D:2:      gammafunk_temple_overflow_wave, first_bread, uniq_sigmund,
          uniq_terence
D:3:      uniq_crazy_yiuf_cottage
D:4:      lightli_temple_of_fire, serial_undead, serial_undead_b,
          serial_undead_a, serial_undead_e, serial_undead_d, enter_ossuary_5
Ossuary:  ossuary_minmay_tomb_2a

Action                   |  1- 3 |  4- 6 || total
-------------------------+-------+-------++-------
Melee: Unarmed           |    99 |    93 ||   192
       Hand axe          |     5 |       ||     5
       Scythe            |       |   120 ||   120
  Use: Potion            |     3 |     7 ||    10
       Scroll            |       |    10 ||    10
